 Dungeon Crawl Stone Soup version 0.19-a0-1740-g0bcaf2e (webtiles) character file.

177 hairmachine the Vexing (level 5, -1/24 HPs)
             Began as a Vine Stalker Enchanter on Oct 1, 2016.
             Slain by Natasha (7 damage)
             ... on level 3 of the Dungeon.
             The game lasted 00:12:45 (4160 turns).

hairmachine the Vexing (Vine Stalker Enchanter)     Turns: 4160, Time: 00:12:46

Health: -1/24      AC:  6    Str: 11    XL:     5   Next: 57%
Magic:  0/9        EV: 12    Int: 16    God:
Gold:   174        SH:  0    Dex: 14    Spells: 3 memorised, 2 levels left

rFire  + . .     SeeInvis .     a - +1 dagger
rCold  + . .     Gourm    .     q - +1 robe {MR+}
rNeg   . . .     Faith    .     (no shield)
rPois  +         Spirit   +     (no helmet)
rElec  +         Dismiss  .     (no cloak)
rCorr  +         Reflect  .     (no gloves)
MR     +....     Harm     .     o - +2 pair of boots
Stlth  ++........               (no amulet)
                                (no ring)
                                (no ring)

@: resistant, very slightly contaminated
A: fangs 2, regeneration 1, magic shield, antimagic bite, no device heal 3, rot
immunity
a: no special abilities


You were on level 3 of the Dungeon.
You were not hungry.

You visited 1 branch of the dungeon, and saw 3 of its levels.

You collected 174 gold pieces.

Inventory:

Hand Weapons
 a - a +1 dagger (weapon)
 i - a +0 blowgun
Missiles
 j - 16 poisoned needles
Armour
 o - a +2 pair of boots (worn)
 q - a +1 robe of magic resistance (worn)
Jewellery
 m - an uncursed amulet of regeneration {unknown}
Scrolls
 e - a scroll of recharging
 l - 2 scrolls of random uselessness
 s - a scroll of fog {unknown}
 u - a scroll of identify
 v - a scroll of magic mapping {unknown}
Potions
 k - a potion of berserk rage {unknown}
 r - a potion of might {unknown}
Books
 c - a book of Maledictions

   Spells                             Type                      Level
   a - Corona                         Hexes                        1
   b - Ensorcelled Hibernation        Hexes/Ice                    2
   c - Confuse                        Hexes                        3
   d - Tukima's Dance                 Hexes                        3
   e - Dazzling Spray                 Conjuration/Hexes            3
Comestibles
 d - 3 bread rations
 f - 2 meat rations
 h - 7 fruits
 n - a slice of pizza
 p - a chunk of flesh
 t - a beef jerky


   Skills:
 + Level 2.4 Short Blades
 - Level 1.5 Dodging
 - Level 3.6 Stealth
 - Level 2.1 Spellcasting
 + Level 5.3 Hexes
 - Level 1.0 Ice Magic


You had 2 spell levels left.
You knew the following spells:

 Your Spells              Type           Power        Failure   Level  Hunger
a - Corona                Hex            ###....      2%          1    #......
b - Ensorcelled Hibernat  Hex/Ice        ##....       10%         2    ###....
c - Confuse               Hex            ###.....     10%         3    ###....


Dungeon Overview and Level Annotations

Branches:
Dungeon (3/15)

Altars:
Yredelemnul

Annotations:
D:3 Natasha; barakagiga's ghost, amateur GrFi


Innate Abilities, Weirdness & Mutations

You have extremely sharp teeth.
Your natural rate of healing is unusually fast.
When hurt, damage is shared between your health and your magic reserves.
Your bite disrupts and absorbs the magic of your enemies.
Potions and wands cannot restore your health.
You are immune to rotting.


Message History

The puff of frost hits you!
* * * LOW HITPOINT WARNING * * *
You are too injured to fight recklessly!
You are too injured to fight recklessly!
It was a potion of resistance.
You feel protected. Natasha barely misses you.
It was a potion of curing.
That felt strangely inert.
Natasha claws you but does no damage.
Wield which item (- for none, * to show all)? (? for menu, Esc to quit)
a - a +1 dagger (weapon)
Casting: Confuse
Confirm with . or Enter, or press ? or * to list all spells.
Aiming: Ensorcelled Hibernation
Press: ? - help, Shift-Dir - straight line, f/p - Natasha
Aim: Natasha (moderately wounded, poisoned, chance to defeat MR: 42%)
You miscast Ensorcelled Hibernation.
You are very lightly contaminated with residual magic.
Nothing appears to happen.
Natasha claws you!
You die...

..(.5....# #.....##..#####..
########.# #.#.#.##......... #
#.# #.#.#.##......).# #(#
#.#...#########'# # ###.####
#.###.# ##).. ## #......# #.# #.#
##.... .# #...##.# #)###.##
##.....
..####...##.#####..)...####......
####..........5h@.........'......
## ###...#..(#######...####......
.8# #.......# ##.## ##..... ..#
###.###.# #.# ##.... ..8 #.....#
#)# ##... #.##### #.#########'#
.8# #.# #.#.........# ..## #.#
#.#.#######.# ..8# #.# #.#.#
#####.#


You could see Natasha and a white imp.

Vanquished Creatures
  A bullfrog (D:2)
  Terence (D:3)
  Natasha (D:3)
  2 worms (D:2)
  2 leopard geckos (D:1)
  6 orcs (D:3)
  A ball python (D:1)
  3 giant cockroaches
  5 goblins
  7 hobgoblins
  3 jackals (D:2)
  A quokka (D:2)
  5 bats
  6 frilled lizards
  6 kobolds
  8 rats
58 creatures vanquished.

Notes
Turn   | Place    | Note
-------+----------+-------------------------------------------
     0 | D:1      | hairmachine the Vine Stalker Enchanter began the quest for the Orb.
     0 | D:1      | Reached XP level 1. HP: 9/9 MP: 4/4
    22 | D:1      | Reached skill level 1 in Short Blades
   436 | D:1      | Reached XP level 2. HP: 10/13 MP: 4/6
   511 | D:1      | Learned a level 2 spell: Ensorcelled Hibernation
  1342 | D:1      | Reached XP level 3. HP: 16/16 MP: 4/7
  1390 | D:1      | Reached skill level 4 in Hexes
  2329 | D:2      | Noticed a bullfrog
  2339 | D:2      | Killed a bullfrog
  2339 | D:2      | Gained mutation: Your natural rate of healing is unusually fast. [Vine Stalker growth]
  2339 | D:2      | Reached XP level 4. HP: 8/21 MP: 1/8
  2706 | D:3      | Learned a level 3 spell: Confuse
  2880 | D:3      | Reached skill level 1 in Ice Magic
  3126 | D:3      | Found a basalt altar of Yredelemnul.
  3219 | D:3      | Noticed barakagiga's ghost (amateur GrFi)
  3329 | D:3      | Reached XP level 5. HP: 24/24 MP: 9/9
  3362 | D:3      | Noticed Terence
  3535 | D:3      | Killed Terence
  3535 | D:3      | Reached skill level 5 in Hexes
  3760 | D:3      | Noticed Natasha
  3776 | D:3      | Killed Natasha
  4123 | D:3      | Noticed Natasha
  4160 | D:3      | Slain by Natasha

Vault maps used:
D:1:      dpeg_arrival_ternary
D:2:      kennysheep_generic_room_4
D:3:      nicolae_overflow_hidden_temple, first_bread, uniq_terence,
          uniq_natasha, uniq_crazy_yiuf_cottage

Skill      XL: |  1  2  3  4  5 |
---------------+----------------+-----
Short Blades   | 1 2 |  2.4
Hexes          | 4 5 |  5.3
Ice Magic      | 1 |  1.0
Dodging        | |  1.5
Stealth        | |  3.6
Spellcasting   | |  2.1

Action                   |  1- 3 |  4- 6 || total
-------------------------+-------+-------++-------
Melee: Dagger            |    76 |    80 ||   156
       Bite              |    17 |    14 ||    31
 Fire: Blowgun           |       |    39 ||    39
 Cast: Corona            |    22 |     6 ||    28
       Ensorcelled Hiber |     7 |    18 ||    25
       Confuse           |       |     7 ||     7
  Use: Scroll            |       |     5 ||     5
       Potion            |       |     2 ||     2
 Stab: Sleeping          |     9 |     5 ||    14
       Distracted        |     1 |       ||     1
       Confused          |       |     3 ||     3
  Eat: Chunk             |     5 |     8 ||    13
Armor: Robe              |    23 |    23 ||    46
Dodge: Dodged            |    46 |    60 ||   106
